 Dungeon Crawl Stone Soup version 0.30-a0-722-g3e6e8c874d (webtiles) character file.

Game seed: 12883820602465244099

3780 testman the Artisan of Death (level 9, -16/63 HPs)
             Began as a Demonspawn Conjurer on Jan 27, 2023.
             Was a Priest of Kikubaaqudgha.
             Demolished by a vault guard
             ... wielding a +0 broad axe
              (28 damage)
             ... in a bailey.
             The game lasted 00:30:47 (7640 turns).

testman the Artisan of Death (Demonspawn Conjurer)  Turns: 7640, Time: 00:30:47

Health: -16/63     AC:  3    Str:  8    XL:     9   Next: 95%
Magic:  5/20       EV: 17    Int: 23    God:    Kikubaaqudgha [***...]
Gold:   198        SH:  0    Dex: 12    Spells: 8/22 levels left

rFire   + . .      SeeInvis .    k - +11 rapier of Crystal {vamp, rElec Will+}
rCold   . . .      Faith    .    (no shield)
rNeg    . . .      Spirit   .    A - +1 robe {rF+}
rPois   .          Reflect  .    (no helmet)
rElec   +          Harm     .    (no cloak)
rCorr   .          Rampage  .    (no gloves)
Will    ++...                    (no boots)
Stlth   ++                       (no amulet)
HPRegen 0.30/turn                t - ring of willpower
MPRegen 0.17/turn                s - +5 ring of evasion

@: no status effects
A: hooves 2, demonic magic 2
a: Renounce Religion, Unearth Wretches


You were in a bailey.
You worshipped Kikubaaqudgha.
Kikubaaqudgha was most pleased with you.
You visited 1 branch of the dungeon, and saw 8 of its levels.
You also visited: Sewer and Bailey.

You collected 374 gold pieces.
You spent 176 gold pieces at shops.

Inventory:

Hand Weapons
 h - a +2 short sword of speed
 k - the +11 rapier of Crystal (weapon) {vamp, rElec Will+}
   (You acquired it on level 4 of the Dungeon)

   rElec:     It insulates you from electricity.
   Will:      It increases your willpower.
Missiles
 l - 7 curare-tipped darts
 o - 8 poisoned darts
 D - 5 javelins
Armour
 A - a +1 robe of fire resistance (worn)
Jewellery
 e - a ring of ice
 s - a +5 ring of evasion (right hand)
 t - a ring of willpower (left hand)
Wands
 y - a wand of paralysis (6)
Scrolls
 c - a scroll of brand weapon
 d - 2 scrolls of silence
 g - 5 scrolls of teleportation
 q - a scroll of blinking
 r - 3 scrolls of immolation
 x - 2 scrolls of vulnerability
 B - a scroll of amnesia
Potions
 a - a potion of haste {unknown}
 b - 5 potions of magic
 f - 5 potions of brilliance
 j - 2 potions of curing
 m - a potion of resistance {unknown}
 n - 2 potions of might {unknown}
 p - a potion of invisibility {unknown}
 u - 6 potions of attraction {unknown}
 v - 3 potions of flight
 w - a potion of lignification {unknown}
 z - 2 potions of mutation
 C - a potion of berserk rage {unknown}


   Skills:
 - Level 3.0 Fighting
 - Level 2.0 Short Blades
 - Level 2.0 Dodging
 - Level 1.7 Stealth
 + Level 7.4 Spellcasting
 - Level 5.0 Conjurations
 + Level 8.0 Necromancy
 + Level 7.1 Translocations


You had 8 spell levels left.
You knew the following spells:

 Your Spells              Type           Power      Damage    Failure   Level
a - Magic Dart            Conj           100%       1d8       1%          1
b - Searing Ray           Conj           62%        2d6       1%          2
c - Iskenderun's Mystic   Conj/Tloc      36%        2d9       6%          4
d - Necrotise             Necr           100%       1d9       1%          1
e - Sublimation of Blood  Necr           45%        N/A       1%          2
f - Animate Dead          Necr           45%        N/A       2%          4

Your spell library contained the following spells:

 Spells                   Type           Power      Damage    Failure   Level
 Lesser Beckoning         Tloc           82%        N/A       1%          2
 Gell's Gravitas          Tloc           41%        N/A       1%          3
 Teleport Other           Tloc           41%        N/A       1%          3
 Cigotuvi's Dreadful Rot  Necr/Pois/Air  40%        N/A       3%          2
 Dazzling Flash           Conj/Hex       40%        N/A       8%          3
 Agony                    Necr           45%        N/A       8%          5
 Fulminant Prism          Conj/Hex       10%        3d9       26%         4
 Borgnjor's Vile Clutch   Necr/Erth      13%        N/A       36%         5
 Death Channel            Necr           22%        N/A       38%         6
 Simulacrum               Ice/Necr       13%        N/A       91%         6


Dungeon Overview and Level Annotations

Branches:
Dungeon (8/15)             Temple (0/1) D:4           Sewer (visited)
 Bailey (1/1)
   Lair: D:8-11

Altars:
Fedhas
Kikubaaqudgha
Nemelex Xobeh

Shops:
D:5 *   D:7 =

Annotations:
D:4 exclusion: oklob plant


Innate Abilities, Weirdness & Mutations

You have hoof-like feet.
Spells you cast may paralyse nearby enemies.


Message History

The vault guard is no longer paralysed.
The vault guard closely misses you.
The vault guard hits your human zombie with a +0 broad axe!
Casting: Iskenderun's Mystic Blast (dangerous; 6% risk of failure)
Confirm with . or Enter, or press ? or * to list all spells.
Aiming: Searing Ray (safe; 1% risk of failure)
Press: ? - help, Shift-Dir - straight line, f - vault guard
Aim: a vault guard, wielding a +0 broad axe and wearing a +0 plate armour (severely wounded, ally target, 79% to hit)
The searing ray hits the vault guard.
The vault guard is severely wounded. (Press . to maintain the ray.) Malevolent energies surge around you.
The vault guard hits you with a +0 broad axe!
The vault guard hits your human zombie with a +0 broad axe.
Your human zombie hits the vault guard but does no damage.
The searing ray hits the vault guard but does no damage.
The vault guard is severely wounded.
The vault guard splashes around in the water.
Your human zombie splashes around in the water.
The searing ray hits the vault guard but does no damage.
The vault guard is severely wounded.
The vault guard hits you with a +0 broad axe!!
* * * LOW HITPOINT WARNING * * *
The vault guard hits your human zombie with a +0 broad axe!
Your human zombie splashes around in the water.
You feel much better. The vault guard misses you.
The vault guard hits your human zombie with a +0 broad axe!
Your human zombie barely misses the vault guard.
You hit the vault guard.
You feel better.
The vault guard is severely wounded.
The vault guard hits you with a +0 broad axe!
The vault guard hits your human zombie with a +0 broad axe!
You closely miss the vault guard.
The vault guard is severely wounded.
The vault guard hits you with a +0 broad axe!
* * * LOW HITPOINT WARNING * * *
The vault guard closely misses your human zombie.
Your human zombie splashes around in the water.
The vault guard hits you with a +0 broad axe!!
You die...
Kikubaaqudgha rasps: "You have failed me!
Welcome... death!"

##~##...##≈##
##~~~##'##~~≈##
#~~~.......~~≈#
#..........~~≈##
#.≈≈≈~.~....~~~≈#
#+###≈~..~..~~~≈#
##≈~..~.~~~≈#
#≈~..Zp~~~≈###
##≈~.@.~~~≈#.##
#≈~.~~~~≈##..##
#≈~.~≈≈~≈#....##
##≈~.≈##≈##Z....#
#≈~..≈####..))..#
#≈)††≈#..'ZZZ)..#
###'###.Z####)###
#.....#.Z.##~~~##
#.....#...#~Z~~~#


You could see a vault guard (ally target) and a friendly human zombie.

Vanquished Creatures
  Prince Ribbit (Bailey)
  Sigmund (D:6)
  3 humans (Bailey)
  A steam dragon (D:8)
  Menkaure (D:5)
  Edmund (D:5)
  2 water moccasins
  An orc warrior (D:6)
  A sky beast (D:6)
  2 ice beasts (D:7)
  2 centaurs
  7 bullfrogs (Bailey)
  A kobold brigand (D:8)
  4 scorpions
  A wight (D:8)
  3 killer bees (D:8)
  A howler monkey (D:6)
  5 jellies
  A hound (D:4)
  2 orc priests
  An iguana (D:7)
  3 orc wizards (D:5)
  12 adders
  5 river rats (Sewer)
  A shadow imp (D:6)
  2 white imps (D:6)
  2 ufetubi
  A worm (D:3)
  2 dart slugs (D:2)
  16 orcs
  12 ball pythons
  7 bats
  15 endoplasms
  10 giant cockroaches
  12 goblins
  9 hobgoblins
  2 quokkas
  5 frilled lizards
  11 kobolds
  15 rats
184 creatures vanquished.

Vanquished Creatures (collateral kills)
  A sky beast (D:7)
  A bullfrog (Bailey)
  A necrophage (D:7)
  An orc priest (D:6)
  An adder (D:6)
  3 goblins
  2 kobolds (D:8)
10 creatures vanquished.

Vanquished Creatures (others)
  2 bullfrog zombies (Bailey)
  A human zombie (Bailey)
  2 killer bee zombies (D:8)
  3 goblin zombies (Bailey)
  2 hobgoblin zombies (Bailey)
  A kobold zombie (D:8)
  4 orc zombies
  2 fungi (D:1)
  A plant (D:1)
18 creatures vanquished.

Grand Total: 212 creatures vanquished

Notes
Turn   | Place    | Note
-------+----------+-------------------------------------------
     0 | D:1      | testman the Demonspawn Conjurer began the quest for the
                  | Orb.
     0 | D:1      | Reached XP level 1. HP: 13/13 MP: 3/3
   334 | D:1      | Gained mutation: You have large cloven feet. [demonic
                  | ancestry]
   334 | D:1      | Reached XP level 2. HP: 19/19 MP: 3/5
   337 | D:1      | Learned a level 2 spell: Searing Ray
  1155 | D:1      | Reached XP level 3. HP: 24/24 MP: 3/6
  1155 | D:1      | Found a faded altar of an unknown god.
  1476 | D:2      | Reached skill level 5 in Conjurations
  1981 | D:2      | Reached skill level 1 in Short Blades
  1981 | D:2      | Gained mutation: You have hoof-like feet. [demonic
                  | ancestry]
  1981 | D:2      | Reached XP level 4. HP: 30/30 MP: 3/8
  1986 | D:2      | Learned a level 4 spell: Iskenderun's Mystic Blast
  2529 | D:3      | Reached skill level 1 in Fighting
  2754 | D:3      | Reached skill level 1 in Translocations
  2831 | D:3      | Found an ancient bone altar of Kikubaaqudgha.
  2884 | D:4      | Identified a scroll of acquirement
  2884 | D:4      | Acquired the +11 rapier of Crystal {vamp, rElec Will+}
  2905 | D:4      | Gained mutation: Spells you cast may paralyse adjacent
                  | enemies. [demonic ancestry]
  2905 | D:4      | Reached XP level 5. HP: 34/38 MP: 9/9
  2950 | D:3      | Became a worshipper of Kikubaaqudgha
  3090 | D:4      | Found a glowing drain.
  3114 | Sewer    | Entered a sewer
  3221 | Sewer    | Reached XP level 6. HP: 46/46 MP: 10/10
  3239 | Sewer    | Reached * piety under Kikubaaqudgha
  3239 | Sewer    | Received a gift from Kikubaaqudgha
  3266 | Sewer    | Reached skill level 1 in Necromancy
  3423 | Sewer    | Found a viscous altar of Jiyva.
  3769 | D:4      | Found a staircase to the Ecumenical Temple.
  3786 | D:4      | Learned a level 1 spell: Necrotise
  3869 | D:4      | Found a blossoming altar of Fedhas.
  3883 | D:4      | Noticed an oklob plant
  4143 | D:5      | Entered Level 5 of the Dungeon
  4366 | D:5      | Reached skill level 2 in Necromancy
  4463 | D:5      | Noticed Menkaure
  4467 | D:5      | Killed Menkaure
  4468 | D:5      | Gained mutation: Spells you cast may paralyse nearby
                  | enemies. [demonic ancestry]
  4468 | D:5      | Reached XP level 7. HP: 52/52 MP: 7/12
  4471 | D:5      | Learned a level 2 spell: Sublimation of Blood
  4588 | D:5      | Noticed Edmund
  4599 | D:5      | Killed Edmund
  4600 | D:5      | Reached skill level 3 in Necromancy
  4684 | D:5      | Reached ** piety under Kikubaaqudgha
  4847 | D:5      | Found Ebrewuc's General Store.
  4852 | D:5      | Bought a potion of mutation for 88 gold pieces
  4852 | D:5      | Bought a scroll of identify for 22 gold pieces
  4852 | D:5      | Bought a scroll of identify for 22 gold pieces
  4852 | D:5      | Bought a potion of flight for 33 gold pieces
  4852 | D:5      | Bought a potion of degeneration for 11 gold pieces
  5087 | D:5      | You fall into a shaft and drop 1 floor!
  5132 | D:6      | Noticed Sigmund
  5133 | D:6      | Reached skill level 4 in Necromancy
  5133 | D:6      | Reached XP level 8. HP: 38/58 MP: 0/14
  5174 | D:6      | Killed Sigmund
  5366 | D:5      | Learned a level 4 spell: Animate Dead
  5495 | D:5      | Reached skill level 5 in Spellcasting
  5633 | D:6      | Reached skill level 5 in Necromancy
  5743 | D:6      | Reached skill level 5 in Translocations
  6459 | D:7      | Reached skill level 6 in Necromancy
  6589 | D:7      | Reached XP level 9. HP: 63/63 MP: 14/17
  6870 | D:7      | Found Suhoh's Jewellery Emporium.
  7180 | D:8      | Found a sparkling altar of Nemelex Xobeh.
  7237 | D:8      | Reached *** piety under Kikubaaqudgha
  7237 | D:8      | Received a gift from Kikubaaqudgha
  7296 | D:8      | Found a flagged portal.
  7310 | Bailey   | Entered a bailey
  7332 | Bailey   | Reached skill level 7 in Necromancy
  7611 | Bailey   | Noticed a vault guard
  7611 | Bailey   | Noticed Prince Ribbit
  7626 | Bailey   | HP: 1/63 [Prince Ribbit (13)]
  7631 | Bailey   | Killed Prince Ribbit
  7632 | Bailey   | Reached skill level 8 in Necromancy
  7640 | Bailey   | Demolished by a vault guard

Illustrated notes

Levels and vault maps discovered:
D:1:      saegor_arrival_simple_e, layout_basic, shapermc_ecumenical_altar_petra
D:2:      layout_basic
D:3:      layout_rooms, lemuel_tele_altar, minivault_19
D:4:      layout_loops_cross, tgw_fedhas, minmay_temple_entry_mist,
          cheibrodos_sewer_entry_drain, nicolae_half_adder
D:5:      layout_loops_ring, serial_shops, shop, uniq_menkaure, uniq_edmund
D:6:      layout_layer_cave, uniq_sigmund
D:7:      layout_gridville, serial_shops, shop
D:8:      layout_gridville, nicolae_overflow_crystal_walls, david_lair_shrubbed,
          enter_bailey_3, uniq_pikel
Bailey:   bailey_axe_froggy_fort_hellmonk, bailey

Skill      XL: |  1  2  3  4  5  6  7  8  9 |
---------------+----------------------------+-----
Conjurations   | 5 |  5.0
Short Blades   | 1 2 |  2.0
Dodging        | 2 |  2.0
Fighting       | 1 2 3 |  3.0
Translocations | 1 2 3 4 5 7 |  7.1
Spellcasting   | 3 4 5 7 |  7.4
Necromancy     | 2 4 6 8 |  8.0
Stealth        | |  1.7

Action                     |  1- 3 |  4- 6 |  7- 9 || total
---------------------------+-------+-------+-------++-------
  Melee: Unarmed           |     6 |       |       ||     6
         Short sword       |    35 |    10 |       ||    45
         Kick              |    10 |    15 |    33 ||    58
         Rapier            |       |    86 |   127 ||   213
         Punch             |       |     1 |     2 ||     3
   Cast: Magic Dart        |    36 |    26 |     5 ||    67
         Searing Ray       |    10 |    13 |    25 ||    48
         Iskenderun's Myst |       |     1 |     4 ||     5
         Animate Dead      |       |       |     5 ||     5
         Necrotise         |       |       |     7 ||     7
    Use: Scroll            |       |     8 |     5 ||    13
         Potion            |       |       |     4 ||     4
   Stab: Sleeping          |     1 |     1 |     2 ||     4
         Paralysed         |       |     2 |    22 ||    24
 Armour: Robe              |     6 |    13 |     6 ||    25
  Dodge: Dodged            |    22 |    46 |   141 ||   209

Table legend: (Time is in decaauts)
 A = Elapsed time spent in this place.
 B = Non-inter-level travel time spent in this place.
 C = Inter-level travel time spent in this place.
 D = Time resting spent in this place.
 E = Time spent auto-exploring this place.
 F = Levels seen in this place.
 G = Mean time per level.
                   A        B        C        D        E       F      G
               +--------+--------+--------+--------+--------+-----+--------+
         Total |   7690 |   7421 |    269 |     59 |   6012 |  10 |  769.0 |
       Dungeon |   6900 |   6631 |    269 |     59 |   5483 |   8 |  862.5 |
         Sewer |    452 |    452 |      0 |      0 |    293 |   1 |  452.0 |
        Bailey |    337 |    337 |      0 |      0 |    235 |   1 |  337.0 |
               +--------+--------+--------+--------+--------+-----+--------+

Top non-repeatable levels by time:
     D:1: 1246 daAuts
     D:5: 1239 daAuts
     D:6: 981 daAuts
     D:2: 922 daAuts
     D:7: 813 daAuts
     D:4: 788 daAuts
     D:3: 768 daAuts
   Sewer: 452 daAuts
  Bailey: 337 daAuts
     D:8: 140 daAuts
